 Dungeon Crawl Stone Soup version 0.20.1-1-g8b1a95d (webtiles) character file.

32194 Ijustatesigmund the Timeless (level 13, -7/93 HPs)
             Began as an Octopode Assassin on Sept 23, 2017.
             Was a High Priest of Cheibriados.
             Mangled by a six-headed hydra (15 damage)
             ... on level 1 of the Lair of Beasts.
             The game lasted 01:01:10 (19413 turns).

Ijustatesigmund the Timeless (Octopode Assassin)   Turns: 19413, Time: 01:01:13

Health: -7/93      AC:  1    Str: 31    XL:     13   Next: 63%
Magic:  30/30      EV: 27    Int: 28    God:    Cheibriados [*****.]
Gold:   490        SH:  0    Dex: 31    Spells: 12/12 levels left

rFire    x . .     SeeInvis +   a - +9 dagger
rCold    + . .     Gourm    .   (no shield)
rNeg     . . .     Faith    .   (helmet restricted)
rPois    .         Spirit   .   (no amulet)
rElec    .         Reflect  .   n - ring of magical power
rCorr    .         Harm     .   o - +6 ring of evasion
MR       .....                  e - ring of see invisible
Stlth    +++++++...             y - +6 ring of strength
Regen    0.3/turn               l - ring of ice
MPRegen  0.3/turn               (no ring)
                                (no ring)
                                (no ring)

@: studying Shields, very slow
A: almost no armour, stealthy swim, amphibious, 8 rings, constrict 8, antennae
1, camouflage 1, sense surroundings 1, gelatinous body 1
a: Bend Time, Temporal Distortion, Slouch, Step From Time, Renounce Religion


You were on level 1 of the Lair of Beasts.
You worshipped Cheibriados.
Cheibriados was extremely pleased with you.
You were not hungry.

You visited 2 branches of the dungeon, and saw 16 of its levels.
You also visited: Bailey and Ice Cave.

You collected 615 gold pieces.
You spent 125 gold pieces at shops.

Inventory:

Hand Weapons
 a - a +9 dagger (weapon)
 b - a +0 blowgun
 F - a +4 short sword
Missiles
 c - 38 poisoned needles
 d - 2 curare-tipped needles
 g - 5 tomahawks (quivered)
 P - a needle of paralysis
Jewellery
 e - a ring of see invisible (on tentacle)
 l - a ring of ice (on tentacle)
 n - a ring of magical power (left tentacle)
 o - a +6 ring of evasion (right tentacle)
 y - a +6 ring of strength (on tentacle)
Wands
 p - a wand of flame (20/48)
 u - a wand of lightning (6/15)
 w - a wand of lightning (9/15)
 B - a wand of iceblast (5/15)
 E - a wand of flame (16/48)
 J - a wand of flame (29/48)
 K - a wand of digging (4/24)
 N - a wand of digging (17/24)
Scrolls
 j - a scroll of enchant weapon
 m - 2 scrolls of magic mapping
 s - 8 scrolls of remove curse
 v - 3 scrolls of amnesia
 A - 2 scrolls of fear
 C - a scroll of recharging
 H - 2 scrolls of teleportation
 O - a scroll of identify
Potions
 h - a potion of ambrosia
 k - 3 potions of lignification
 q - a potion of resistance
 r - 2 potions of flight
 t - 3 potions of mutation
 x - a potion of heal wounds
 z - a potion of cancellation
 D - a potion of invisibility {unknown}
 L - 2 potions of haste {unknown}
 Q - a potion of agility
Books
 G - a manual of Shields
Comestibles
 f - 9 bread rations
 i - 5 meat rations


   Skills:
 + Level 10.5 Fighting
 + Level 10.8 Short Blades
 - Level 5.8 Throwing
 - Level 6.9 Dodging
 - Level 11.4 Stealth
 - Level 9.1 Shields
 + Level 11.8 Invocations
 - Level 5.0 Evocations


You had 12 spell levels left.
You didn't know any spells.

Dungeon Overview and Level Annotations

Branches:
Dungeon (14/15)            Temple (0/1) D:7            Lair (2/6) D:8
    Orc (0/2) D:10
  Swamp: Lair:2-4    Shoals: Lair:2-4     Snake: Lair:2-4    Spider: Lair:2-4
 Vaults: D:13-14

Altars:
Cheibriados
Hepliaklqana

Shops:
D:7 ?   D:9 %

Annotations:
D:8 Ymberti's ghost, novice DEFE
Lair:1 Nergalle; Prince Ribbit


Innate Abilities, Weirdness & Mutations

You cannot wear most types of armour.
You are very stealthy in the water. (Stealth+)
You are amphibious.
You can wear up to eight rings at the same time.
You can use your tentacles to constrict eight enemies at once.
Your skin changes colour to match your surroundings (Stealth+).
Your rubbery body absorbs attacks. (AC +1, EV +1)
You have a pair of small antennae on your head.
You passively map a small area around you.


Message History

You start resting.
Your magical contamination has completely faded away.
You start resting.
Some of the chunks of flesh in your inventory have rotted away.
All of the chunks of flesh in your inventory have rotted away.
HP restored.
You climb downwards.
Welcome back to the Lair of Beasts!
Level annotation: Nergalle; Prince Ribbit The six-headed hydra bites you.
The six-headed hydra bites you! The six-headed hydra bites you.
The six-headed hydra misses you. The six-headed hydra bites you!
The six-headed hydra barely misses you.
There is a staircase back to the Dungeon, spattered with blood here.
The six-headed hydra bites you!
The six-headed hydra completely misses you.
The six-headed hydra bites you! x2
* * * LOW HITPOINT WARNING * * *
The six-headed hydra bites you!
* * * LOW HITPOINT WARNING * * *
The six-headed hydra bites you!
You die...

..##......(##.##########.........
......#....#### #.........
..#.###....# ##........
..#.F.#....########### ###.##.#.
..#.......###...#....#####.......
..#....#..###................#...
...##.....##.........P...........
..........................#....#.
.#.........#.@..##...#...##...
......YDY.........#####. ,,
...........##....## ## * ,
,.?.....Y....P..#.# ,
..##...........### , .
#...Y......## * ,. #.#.#......#
##### ** #.#.##....#..###.⌠.## ,
,* #........#.##....#.....#


You could see a six-headed hydra and 4 yaks.

Vanquished Creatures
  2 hydras (Lair:1)
  2 centaur warriors (D:13)
  6 two-headed ogres
  3 unseen horrors
  A necromancer (IceCv)
  A wolf spider zombie (D:11)
  5 ugly things
  A manticore (D:13)
  3 cyclopes (D:11)
  3 centaur zombies
  2 ice statues (IceCv)
  A water nymph (shapeshifter) (D:13)
  A gargoyle (D:10)
  A spiny frog (Lair:1)
  A kobold demonologist (D:13)
  10 ice devils (IceCv)
  5 trolls
  A hornet (D:11)
  A hippogriff (D:8)
  A spriggan (D:12)
  2 water elementals (D:11)
  8 yaks (D:11)
  2 wyverns (D:11)
  2 hungry ghosts
  2 basilisks (Lair:1)
  A steam dragon (D:10)
  8 vampire mosquitoes (D:12)
  A warg (D:11)
  A soldier ant (D:12)
  2 water moccasins
  2 acid dragons
  4 porcupines
  19 orc warriors
  A phantom (D:10)
  2 sky beasts
  2 ice beasts
  6 ogres
  2 necrophages
  An eye of draining (D:13)
  10 centaurs
  4 crocodiles
  The ghost of PhyxPenguin the Shield-Bearer, an amateur GrFi (D:3)
  3 big kobolds
  8 bullfrogs
  A wyvern zombie (D:9)
  2 water moccasin skeletons
  A wyvern skeleton (D:13)
  6 scorpions
  11 killer bees
  15 wights
  2 electric eels (D:11)
  A howler monkey (D:5)
  5 crimson imps
  2 quasits
  2 bullfrog zombies
  A draconian simulacrum (IceCv)
  8 hounds
  4 jellies
  11 orc priests
  11 orc wizards
  3 bullfrog skeletons
  3 centaur skeletons
  2 iguanas (D:13)
  6 worker ants
  3 troll simulacra (IceCv)
  A killer bee zombie (D:6)
  2 centaur simulacra (IceCv)
  A worker ant zombie (D:11)
  2 howler monkey zombies
  A howler monkey skeleton (D:4)
  9 adders
  3 naga simulacra (IceCv)
  An ogre simulacrum (IceCv)
  A shadow imp (D:11)
  2 oozes (D:2)
  An adder skeleton (D:9)
  2 worms (D:5)
  2 leopard geckos
  77 orcs
  A giant cockroach (D:4)
  8 goblins
  10 hobgoblins
  4 jackals
  17 kobolds
  A quokka (D:6)
  8 bats
  2 frilled lizards
  A leopard gecko skeleton (D:6)
  10 rats
412 creatures vanquished.

Vanquished Creatures (others)
  2 hippogriffs (D:11)
  2 fungi (Lair:1)
  2 plants (Lair:1)
6 creatures vanquished.

Grand Total: 418 creatures vanquished

Notes
Turn   | Place    | Note
-------+----------+-------------------------------------------
     0 | D:1      | Ijustatesigmund the Octopode Assassin began the quest for the Orb.
     0 | D:1      | Reached XP level 1. HP: 14/14 MP: 1/1
   541 | D:1      | Reached XP level 2. HP: 20/20 MP: 2/2
  1310 | D:2      | Reached XP level 3. HP: 25/25 MP: 3/3
  1666 | D:2      | Reached XP level 4. HP: 31/31 MP: 4/4
  1929 | D:3      | Noticed PhyxPenguin's ghost (amateur GrFi)
  2468 | D:5      | Entered Level 5 of the Dungeon
  2471 | D:5      | Reached XP level 5. HP: 31/37 MP: 5/5
  3148 | D:5      | Reached XP level 6. HP: 44/44 MP: 6/6
  3376 | D:5      | Found a snail-covered altar of Cheibriados.
  3393 | D:5      | Became a worshipper of Cheibriados the Contemplative
  3593 | D:3      | Reached skill level 1 in Invocations
  3605 | D:3      | Killed PhyxPenguin's ghost
  3876 | D:3      | Reached XP level 7. HP: 35/49 MP: 8/8
  4167 | D:3      | Reached skill level 5 in Fighting
  4549 | D:6      | Reached skill level 5 in Short Blades
  4578 | D:6      | Reached * piety under Cheibriados
  4929 | D:7      | Reached XP level 8. HP: 39/55 MP: 10/10
  6011 | D:7      | Reached skill level 10 in Stealth
  6428 | D:7      | Reached ** piety under Cheibriados
  6524 | D:7      | Found a staircase to the Ecumenical Temple.
  6587 | D:7      | Found Zaikoj's Magic Scroll Shoppe.
  6593 | D:7      | Bought a scroll of identify for 20 gold pieces
  6593 | D:7      | Bought a scroll of teleportation for 30 gold pieces
  6593 | D:7      | Bought a scroll of enchant weapon for 75 gold pieces
  6748 | D:7      | Reached XP level 9. HP: 61/61 MP: 11/11
  7551 | D:8      | Found a staircase to the Lair.
  7846 | D:8      | Reached skill level 5 in Dodging
  7897 | D:8      | Noticed Ymberti's ghost (novice DEFE)
  8230 | D:9      | Reached *** piety under Cheibriados
  8267 | D:9      | Gained mutation: Your magical capacity is low. (-10% MP) [potion of mutation]
  8267 | D:9      | Gained mutation: You passively map a small area around you. [potion of mutation]
  8267 | D:9      | Gained mutation: You have a pair of small antennae on your head. [potion of mutation]
  8267 | D:9      | Lost mutation: Your magical capacity is low. (-10% MP) [potion of mutation]
  8290 | D:10     | Entered Level 10 of the Dungeon
  8301 | D:10     | Noticed a troll
  8304 | D:10     | Killed a troll
  8304 | D:10     | Reached XP level 10. HP: 71/71 MP: 12/12
  8325 | D:10     | Found a staircase to the Orcish Mines.
  8566 | D:11     | Noticed a two-headed ogre
  8662 | D:11     | Noticed a cyclops
  8924 | D:10     | Reached **** piety under Cheibriados
  9631 | D:10     | Noticed a gargoyle
  9691 | D:10     | Killed a gargoyle
  9983 | D:11     | Reached skill level 5 in Throwing
 10050 | D:11     | Noticed a cyclops
 10164 | D:11     | Killed a two-headed ogre
 10164 | D:11     | Reached XP level 11. HP: 78/78 MP: 13/13
 10213 | D:11     | Noticed an unseen horror
 10233 | D:11     | Killed an unseen horror
 10844 | D:11     | Killed a cyclops
 10850 | D:11     | Killed a cyclops
 10850 | D:11     | Reached skill level 5 in Invocations
 10998 | D:11     | Noticed a cyclops
 11002 | D:11     | Killed a cyclops
 11412 | D:11     | Noticed a brown ugly thing
 11423 | D:11     | Killed a brown ugly thing
 11955 | D:12     | Noticed an unseen horror
 11963 | D:12     | Killed an unseen horror
 11963 | D:12     | Reached skill level 1 in Evocations
 12377 | D:12     | Reached XP level 12. HP: 84/86 MP: 18/18
 12410 | D:12     | Reached ***** piety under Cheibriados
 12595 | D:13     | Found a flagged portal.
 12610 | Bailey   | Entered a bailey
 12686 | Bailey   | Noticed ThereIsNoGod's ghost (novice TrFi)
 13108 | Bailey   | Reached skill level 10 in Short Blades
 13584 | D:13     | Noticed a centaur warrior
 13588 | D:13     | Found a hazy altar of Hepliaklqana.
 13760 | D:12     | Noticed a two-headed ogre
 13788 | D:12     | Killed a two-headed ogre
 13815 | D:12     | Reached skill level 10 in Fighting
 14030 | D:11     | Noticed a two-headed ogre
 14035 | D:11     | Killed a two-headed ogre
 14120 | D:13     | Killed a centaur warrior
 14135 | D:13     | Reached skill level 5 in Evocations
 14544 | D:13     | Noticed a two-headed ogre
 14550 | D:13     | Killed a two-headed ogre
 14837 | D:13     | Noticed a centaur warrior
 14854 | D:13     | Killed a centaur warrior
 15048 | D:13     | Reached skill level 10 in Invocations
 15110 | D:13     | Reached skill level 5 in Shields
 15110 | D:13     | Reached XP level 13. HP: 93/93 MP: 20/20
 16237 | D:9      | Found Witzes's Food Boutique.
 16809 | Lair:1   | Entered Level 1 of the Lair of Beasts
 16819 | Lair:1   | Found a frozen archway.
 16828 | IceCv    | Entered an ice cave
 17754 | IceCv    | Reached ****** piety under Cheibriados
 18821 | Lair:1   | Noticed Prince Ribbit
 18873 | Lair:1   | Noticed Nergalle
 19413 | Lair:1   | Mangled by a six-headed hydra

Skill      XL: |  1  2  3  4  5  6  7  8  9 10 11 12 13 |
---------------+----------------------------------------+-----
Fighting       | 3 4 5 7 8 9 10 | 10.5
Short Blades   | 3 4 5 7 8 9 10 | 10.8
Dodging        | 2 3 5 6 |  6.9
Invocations    | 1 2 8 10 11 | 11.8
Stealth        | 7 11 | 11.4
Throwing       | 5 |  5.8
Evocations     | 2 5 |  5.0
Shields        | 5 9 |  9.1

Action                   |  1- 3 |  4- 6 |  7- 9 | 10-12 | 13-15 || total
-------------------------+-------+-------+-------+-------+-------++-------
Melee: Dagger            |    75 |    88 |   158 |   433 |   242 ||   996
       Constrict         |    16 |    23 |    29 |    72 |    39 ||   179
       Tentacles         |    11 |    27 |    33 |   191 |   121 ||   383
 Fire: Blowgun           |       |       |    12 |    27 |    11 ||    50
Throw: Tomahawk          |       |       |     3 |    23 |     5 ||    31
       Javelin           |       |       |       |     7 |     2 ||     9
Invok: Slouch            |       |       |       |     4 |     2 ||     6
       Temporal Distorti |       |       |       |     1 |       ||     1
       Bend Time         |       |       |       |       |     1 ||     1
Evoke: Wand              |       |       |       |    12 |       ||    12
  Use: Scroll            |     5 |    12 |     9 |    10 |     5 ||    41
       Potion            |       |     2 |     1 |     9 |       ||    12
 Stab: Sleeping          |    13 |     6 |    23 |    26 |    13 ||    81
       Distracted        |       |       |     2 |     3 |     3 ||     8
  Eat: Chunk             |     2 |     5 |     6 |     4 |     2 ||    19
       Fruit             |       |     2 |       |     2 |       ||     4
       Royal jelly       |       |       |     2 |       |     1 ||     3
       Bread ration      |       |       |       |     2 |       ||     2
Armor: Skin              |     8 |       |     2 |     3 |     5 ||    18
Dodge: Dodged            |    48 |    55 |    91 |   359 |   193 ||   746
